 Dungeon Crawl Stone Soup version 0.24.0-28-g17ded55e90 (webtiles) character file.

Game seed: 6589586346873481584, levelgen mode: deterministic

363366 Nattfarinn the Slayer (level 22, -1/156 HPs)
             Began as a Gargoyle Berserker on Nov 10, 2019.
             Was a High Priest of Trog.
             Slain by Akutzier's ghost (10 damage)
             ... on level 1 of the Depths on Nov 11, 2019.
             The game lasted 02:41:09 (43730 turns).

Nattfarinn the Slayer (Gargoyle Berserker)         Turns: 43730, Time: 02:41:09

Health: -1/156     AC: 49    Str: 21    XL:     22   Next: 49%
Magic:  22/22      EV: 11    Int: 14    God:    Trog [*****.]
Gold:   3977       SH: 15    Dex: 19    Spells: 21/21 levels left

rFire    . . .     SeeInvis +   l - +8 whip "Snakebite" {curare, rPois}
rCold    + . .     Gourm    .   T - +0 shield {reflect}
rNeg     + + .     Faith    .   m - +3 plate armour {rF+}
rPois    ∞         Spirit   .   k - +1 helmet "Reluewyu" {rPois rF- rCorr SInv}
rElec    +         Reflect  +   u - +2 cloak {+Inv}
rCorr    +         Harm     +   N - +0 pair of gloves {Dex+3}
MR       ++++.                  Q - +0 pair of boots
Stlth    ..........             K - amulet "Pecyguazoc" {Harm *Drain rF- rN+ Int+3}
HPRegen  1.76/turn              U - +3 ring of slaying
MPRegen  0.18/turn              g - ring of protection from magic

@: resistant, flying, regenerating
A: big wings, negative energy resistance 1, regeneration 1, electricity
resistance, unbreathing, petrification resistance, rot immunity, sturdy frame 1,
AC +16
}: 2/15 runes: decaying, gossamer
a: Stop Flying, Berserk, Trog's Hand, Brothers in Arms, Renounce Religion, Evoke
Invisibility


You were on level 1 of the Depths.
You worshipped Trog.
Trog was extremely pleased with you.
You were not hungry.

You visited 7 branches of the dungeon, and saw 37 of its levels.
You visited the Abyss 1 time.
You also visited: Ice Cave.

You collected 4416 gold pieces.
You spent 439 gold pieces at shops.

Inventory:

Hand Weapons
 l - the +8 whip "Snakebite" (weapon) {curare, rPois}
   (Trog gifted it to you on level 4 of the Spider Nest)

   It poisons the flesh of those it strikes.
   It protects you from poison.
 v - the +10 great mace of the Weasel {venom, *Contam +Rage rPois Dex-3}
   (Trog gifted it to you on level 1 of the Depths)

   It poisons the flesh of those it strikes.
   It affects your dexterity (-3).
   It protects you from poison.
   It lets you go berserk.
   It causes magical contamination when unequipped.
 M - a +5 antimagic great mace
 Y - a +5 demon whip of venom
Missiles
 z - 205 poisoned darts (quivered)
Armour
 k - the +1 helmet "Reluewyu" (worn) {rPois rF- rCorr SInv}
   (You found it on level 3 of the Spider Nest)

   It makes you vulnerable to fire.
   It protects you from poison.
   It lets you see invisible.
   It provides partial protection from all sources of acid and corrosion.
 m - a +3 plate armour of fire resistance (worn)
 u - a +2 cloak of invisibility (worn)
 N - a +0 pair of gloves of dexterity (worn)
 Q - a +0 pair of boots (worn)
 T - a +0 shield of reflection (worn)
Jewellery
 g - a ring of protection from magic (right hand)
 t - a +2 ring of protection
 G - an uncursed ring of positive energy
 K - the amulet "Pecyguazoc" (around neck) {Harm *Drain rF- rN+ Int+3}
   (You found it on level 2 of the Spider Nest)

   [amulet of harm]

   It increases damage dealt and taken.
   It affects your intelligence (+3).
   It makes you vulnerable to fire.
   It protects you from negative energy.
   It causes draining when unequipped.
 U - a +3 ring of slaying (left hand)
Wands
 a - a wand of digging (15)
 f - a wand of flame (101)
 i - a wand of acid (18)
 J - a wand of random effects (137)
 L - a wand of disintegration (19)
 P - a wand of scattershot (5)
 R - a wand of polymorph (29)
 X - a wand of clouds (6)
 Z - a wand of paralysis (9)
Scrolls
 b - 2 scrolls of brand weapon
 o - 3 scrolls of magic mapping
 q - 10 scrolls of teleportation
 w - 3 scrolls of identify
 x - 20 scrolls of remove curse
 y - 5 scrolls of immolation
 E - 13 scrolls of fog
 O - 3 scrolls of vulnerability
 V - 3 scrolls of silence
 W - 2 scrolls of fear
Potions
 d - 6 potions of ambrosia
 e - 8 potions of curing
 j - 3 potions of resistance
 n - a potion of magic
 p - 2 potions of cancellation
 r - 5 potions of mutation
 s - 3 potions of haste
 C - 6 potions of invisibility
 D - 2 potions of brilliance
 F - 4 potions of lignification
 H - 6 potions of might
 I - 8 potions of agility
 S - 6 potions of berserk rage
Comestibles
 c - 39 rations


   Skills:
 * Level 22.0 Fighting
 + Level 18.7 Maces & Flails
 - Level 20.2 Armour
 * Level 4.4 Dodging
 - Level 3.2 Stealth
 - Level 16.3 Shields


You had 21 spell levels left.
You didn't know any spells.
Your spell library was empty.

Dungeon Overview and Level Annotations

Branches:
Dungeon (15/15)            Temple (0/1) D:7            Lair (6/6) D:9
  Swamp (4/4) Lair:4       Spider (4/4) Lair:2        Slime (0/5) Lair:5
    Orc (2/2) D:9             Elf (0/3) Orc:2        Vaults (4/5) D:14
  Crypt (0/3) Vaults:3     Depths (2/5) D:15          IceCv (visited)

Altars:
Ashenzari
Cheibriados
Fedhas
Gozag
Kikubaaqudgha
Nemelex Xobeh
Okawaru
Ru
Uskayaw
Wu Jian
Yredelemnul
Zin
Beogh

Shops:
D:4 =[??=   D:8 ?   D:12 (   Orc:1 *   Orc:2 }(*?   Vaults:1 [

Portals:
Hell: Depths:1

Annotations:
D:12 2 transporters, Soedd's ghost, journeyman DgAr
Depths:1 Akutzier's ghost, veteran BaIE; syranez's ghost, veteran GrFi


Innate Abilities, Weirdness & Mutations

You are resistant to torment.
Your stone body is resilient. (AC +16)
You are immune to poison.
Your large and strong wings let you fly indefinitely.
You resist negative energy. (rN+)
You are resistant to electric shocks. (rElec)
You can survive without breathing.
You are immune to petrification.
You are immune to rotting.
Your natural rate of healing is unusually fast.
Your movements are slightly less encumbered by armour. (ER -2)


Message History

Unknown command.
You feel better.
Your ogre misses Akutzier's ghost.
Your troll completely misses Akutzier's ghost. x2
Your troll misses Akutzier's ghost. You block syranez's ghost's attack.
Akutzier's ghost hits you!
* * * LOW HITPOINT WARNING * * *
Akutzier's ghost burns you.
* * * LOW HITPOINT WARNING * * *
You feel better.
Your troll completely misses Akutzier's ghost.
Your troll barely misses Akutzier's ghost.
Your troll completely misses Akutzier's ghost.
Your ogre completely misses Akutzier's ghost.
You block syranez's ghost's attack.
Your troll bites Akutzier's ghost!
Your troll claws Akutzier's ghost but does no damage.
Your troll completely misses Akutzier's ghost.
Akutzier's ghost hits you!!
* * * LOW HITPOINT WARNING * * *
Akutzier's ghost burns you!
You die...

.......##([8..##.................
......##8....b8##......).........
......#!.......=#........b.......
......#.......b.#b.........b.....
......#⌠.......⌠#................
......#.?.......#.........[......
..#...####'''####.b..............
##......Y....b...................
.##.....W...#..W@O...............
#####....#..##.bWb...............
#......###bb.T#bb..............
###.#.##....#..##.........#...#
#.#.##.#####..###.........#...
###...## #..# #####...##.###
##### #### ######## #


You could see Akutzier's ghost, syranez's ghost, a friendly troll (berserk) and
a friendly ogre (berserk).

Vanquished Creatures
  Margery (Vaults:2)
  Frederick (Vaults:3)
  Jorgrun (Swamp:2)
  A tentacled monstrosity (Swamp:1)
  A sphinx (Vaults:1)
  Frances (Swamp:1)
  The ghost of Moeliofi the Brawler, an adept TrMo of Nemelex Xobeh (Depths:1)
  5 thorn hunters
  The ghost of Detar the Severer, an adept HOFi of Beogh (Spider:3)
  Roxanne (Spider:2)
  Donald (Swamp:2)
  2 frost giants
  A fire giant (Depths:1)
  Aizul (Swamp:2)
  Louise (Swamp:3)
  A ghost moth (shapeshifter) (D:15)
  A deep elf sorcerer (Vaults:2)
  3 vault wardens
  6 emperor scorpions
  The ghost of Ychix the Thaumaturge, a journeyman GnSk of Makhleb (Swamp:2)
  3 ghost moths
  2 very ugly things (Depths:1)
  4 ironheart preservers
  2 stone giants
  An entropy weaver (Spider:3)
  A vampire knight (Vaults:3)
  The ghost of Bolunijamo the Blocker, a journeyman GnFi of Okawaru (Lair:5)
  A dire elephant (Lair:6)
  5 spark wasps
  The ghost of Neredeb the Covert, a journeyman OpAE of Gozag (Lair:5)
  An eidolon (Vaults:3)
  2 blizzard demons (IceCv)
  A crystal guardian (Vaults:2)
  A fire dragon (Vaults:2)
  9 ettins
  3 great orbs of eyes
  Harold (D:11)
  4 vault guards (D:14)
  3 ice dragons
  A rakshasa (Depths:1)
  7 yaktaur captains
  A catoblepas (Lair:6)
  A shambling mangrove (Swamp:2)
  15 two-headed ogres
  21 hydras
  17 centaur warriors
  2 ghost crabs
  10 ogre magi
  2 dancing weapons (Vaults:3)
  3 orc high priests (Orc:2)
  16 alligators
  4 tengu warriors
  5 death yaks
  7 death scarabs (Spider:4)
  3 deep troll shamans
  A deep elf knight (Vaults:2)
  9 hell knights
  Nergalle (Lair:4)
  An iron troll (Depths:1)
  A salamander mystic (Depths:1)
  A wretched star (Abyss:3)
  A spectral emperor scorpion (Spider:4)
  A spriggan druid (Swamp:3)
  A flayed ghost (Depths:1)
  7 unseen horrors
  2 glowing orange brains (Depths:1)
  4 deep elf archers
  15 orc knights
  5 wizards
  10 ironbrand convokers
  5 deep trolls
  A shadow dragon zombie (Vaults:4)
  The ghost of Midas the Slicer, a novice DEGl of Kikubaaqudgha (D:10)
  13 swamp dragons
  A lindwurm (Lair:3)
  5 spectral wolf spiders (Spider:4)
  3 wolf spider zombies
  8 cyclopes
  4 necromancers
  2 oklob plants
  25 wolf spiders
  12 orb spiders
  7 deep elf magi
  6 orc sorcerers
  33 ugly things
  5 manticores
  4 moths of wrath
  3 salamanders (Depths:1)
  An elephant (shapeshifter) (Depths:1)
  Maurice (D:8)
  3 elephants (Lair:6)
  Joseph (D:9)
  A fire giant skeleton (Vaults:4)
  4 ice statues (IceCv)
  12 vault sentinels
  Psyche (D:8)
  A torpor snail (shapeshifter) (Vaults:1)
  A torpor snail (Spider:4)
  A gargoyle (D:12)
  2 black mambas (Lair:6)
  A smoke demon (Depths:1)
  16 spiny frogs
  5 spectral redbacks (Spider:4)
  2 rime drakes
  2 centaur skeletons
  21 yaktaurs
  3 anaconda simulacra (IceCv)
  A hellwing (Depths:1)
  2 komodo dragons (shapeshifter)
  8 komodo dragons
  15 demonic crawlers
  11 ice devils (IceCv)
  3 meliai (Spider:4)
  3 polar bears (Lair:6)
  33 jumping spiders
  A polar bear (shapeshifter) (Vaults:2)
  9 trolls
  8 tyrant leeches
  5 spectral jumping spiders (Spider:4)
  A troll (shapeshifter) (Vaults:4)
  5 spectral tarantellas (Spider:4)
  28 hornets
  A harpy skeleton (D:15)
  31 slime creatures
  11 bog bodies
  A tarantella zombie (Spider:4)
  17 blink frogs
  A flying skull (Vaults:2)
  4 hippogriffs
  The ghost of Midas the Cutter, an amateur DEGl of Kikubaaqudgha (D:4)
  2 centaur simulacra
  A tarantella (shapeshifter) (Vaults:3)
  5 shadows
  A human (D:14)
  62 yaks
  10 spriggans
  28 tarantellas
  2 yaks (shapeshifter)
  55 redbacks
  2 wyverns
  2 dire elephant simulacra (IceCv)
  2 wraiths
  Eustachio (D:5)
  A basilisk (shapeshifter) (D:15)
  3 basilisks
  4 hungry ghosts
  Menkaure (D:7)
  23 vampire mosquitoes
  3 wargs
  7 acid dragons
  3 harpy simulacra
  2 iron troll simulacra (IceCv)
  21 swamp worms
  2 soldier ants
  A hydra simulacrum (IceCv)
  13 water moccasins
  18 porcupines
  4 sky beasts
  41 orc warriors
  3 black bears
  A floating eye (shapeshifter) (D:15)
  17 swamp drakes
  An eye of draining (D:14)
  9 ice beasts
  5 phantoms
  30 ogres
  2 necrophages (D:9)
  19 wolves
  10 boggarts
  18 centaurs
  14 crocodiles
  3 big kobolds
  10 bullfrogs
  A wyvern zombie (D:12)
  6 killer bees (D:12)
  3 scorpions
  2 troll zombies (D:9)
  18 wights
  5 howler monkeys
  6 crimson imps
  2 bullfrog zombies (D:8)
  2 centaur zombies
  16 orc priests
  5 hounds
  6 jellies
  Crazy Yiuf (D:2)
  4 bullfrog skeletons
  26 orc wizards
  Jessica (D:2)
  5 iguanas
  Natasha (thrice) (D:2)
  10 worker ants
  4 ogre zombies (D:9)
  A killer bee simulacrum (D:10)
  A howler monkey skeleton (D:6)
  Robin (D:2)
  5 adders
  3 shadow imps
  3 white imps (D:10)
  3 oozes
  7 worms
  3 dart slugs
  2 leopard geckos
  90 orcs
  6 giant cockroaches
  13 goblins
  10 hobgoblins
  9 jackals
  20 kobolds
  5 quokkas
  2 ball pythons (D:5)
  8 bats
  3 frilled lizards
  A goblin skeleton (D:9)
  2 goblin zombies (D:9)
  3 hobgoblin skeletons (D:9)
  A hobgoblin zombie (D:9)
  An orc skeleton (D:9)
  11 orc zombies (D:9)
  A quokka skeleton (D:6)
  8 rats
1481 creatures vanquished.

Vanquished Creatures (collateral kills)
  Bai Suzhen (Vaults:3)
  Arachne (Spider:2)
  The ghost of Midas the Dealer of Despair, an adept HOCj of Kikubaaqudgha (Spider:3)
  A sphinx (Vaults:4)
  The ghost of Gohat the Executioner, a journeyman HOBe of Trog (Spider:2)
  A frost giant (Vaults:4)
  A vault warden (Vaults:4)
  An ironheart preserver (Vaults:4)
  2 yaktaur captains
  An ogre mage (D:15)
  A hydra (D:15)
  A centaur warrior (D:15)
  A death scarab (Spider:4)
  A two-headed ogre (D:12)
  4 death yaks (D:9)
  A deep troll earth mage (D:15)
  An orc high priest (Orc:2)
  A skeletal warrior (D:15)
  A deep elf archer (Vaults:4)
  An orc knight (Orc:2)
  An ironbrand convoker (Vaults:4)
  A necromancer (Vaults:4)
  An orc sorcerer (Orc:2)
  An orb spider (Spider:3)
  A wolf spider (Spider:3)
  A tengu skeleton (Vaults:4)
  A human zombie (Vaults:4)
  4 ugly things
  2 vault sentinels (Vaults:3)
  A spiny frog (Lair:2)
  5 yaktaurs
  A jumping spider (shapeshifter) (D:15)
  2 jumping spiders
  A hornet (Spider:3)
  A stone giant simulacrum (Vaults:4)
  A wolf spider simulacrum (D:15)
  A redback (Spider:1)
  A water elemental (Depths:2)
  3 orc warriors
  2 ogres
  2 centaurs (D:13)
  A bullfrog (D:14)
  2 wights (D:14)
  A crimson imp (D:15)
  2 orc wizards (D:7)
  A centaur skeleton (D:7)
  12 orcs
  A ball python (D:7)
  A butterfly (Lair:5)
79 creatures vanquished.

Vanquished Creatures (others)
  A hydra (Swamp:2)
  A centaur warrior (Depths:1)
  A shambling mangrove (Swamp:1)
  A spriggan druid (Swamp:4)
  A deep elf archer (Vaults:2)
  4 yaktaurs
  An orc warrior (Vaults:2)
  2 swamp drakes (Swamp:1)
  A boggart (Vaults:3)
  An orc priest (Orc:2)
  An orc wizard (D:4)
  11 briar patches
  A bush (Lair:3)
  6 fungi
  3 plants (Lair:6)
  4 starspawn tentacles (Abyss:4)
  5 withered plants
45 creatures vanquished.

Grand Total: 1605 creatures vanquished

Notes
Turn   | Place    | Note
-------+----------+-------------------------------------------
     0 | D:1      | Nattfarinn the Gargoyle Berserker began the quest for the
                  | Orb.
     0 | D:1      | Reached XP level 1. HP: 14/14 MP: 1/1
   204 | D:1      | Reached XP level 2. HP: 13/19 MP: 2/2
   796 | D:2      | Noticed Robin
   800 | D:2      | Reached XP level 3. HP: 24/24 MP: 3/3
   805 | D:2      | Killed Robin
   805 | D:2      | Reached ** piety under Trog
   805 | D:2      | Reached skill level 4 in Fighting
   813 | D:2      | Reached skill level 1 in Shields
   909 | D:2      | Reached XP level 4. HP: 15/29 MP: 4/4
   979 | D:2      | Found a faded altar of an unknown god.
  1091 | D:2      | Found a runed translucent door.
  1092 | D:2      | Noticed Crazy Yiuf
  1222 | D:2      | Noticed Jessica
  1226 | D:2      | Killed Jessica
  1322 | D:2      | Noticed Natasha
  1331 | D:2      | Killed Natasha
  1331 | D:2      | Reached XP level 5. HP: 34/34 MP: 5/5
  1385 | D:2      | Found a sparkling altar of Nemelex Xobeh.
  1432 | D:2      | Found a sacrificial altar of Ru.
  1681 | D:2      | Noticed Natasha
  1694 | D:2      | Killed Natasha
  1900 | D:2      | Killed Crazy Yiuf
  1980 | D:2      | Noticed Natasha
  1984 | D:2      | Killed Natasha
  1984 | D:2      | Reached skill level 5 in Fighting
  2064 | D:3      | Reached XP level 6. HP: 33/40 MP: 6/6
  2067 | D:3      | Reached *** piety under Trog
  2899 | D:4      | Found Ceergh's Magic Scroll Shoppe.
  2913 | D:4      | Bought a scroll of remove curse for 36 gold pieces
  2913 | D:4      | Bought a scroll of enchant armour for 90 gold pieces
  2926 | D:4      | Found Ymimn's Magic Scroll Boutique.
  2934 | D:4      | Found Zaony's Armour Shop.
  2935 | D:4      | Found a snail-covered altar of Cheibriados.
  3010 | D:4      | Reached XP level 7. HP: 34/45 MP: 7/7
  3027 | D:4      | Found Hef Gec's Jewellery Boutique.
  3090 | D:4      | Found an iron altar of Okawaru.
  3186 | D:4      | Found a runed translucent gate.
  3186 | D:4      | Found a runed translucent gate.
  3186 | D:4      | Found a runed translucent gate.
  3188 | D:4      | Noticed Midas's ghost (amateur DEGl)
  3258 | D:4      | Found Piugut's Jewellery Shop.
  3547 | D:4      | Reached skill level 6 in Fighting
  3579 | D:4      | Killed Midas's ghost
  3660 | D:5      | Entered Level 5 of the Dungeon
  3668 | D:5      | Noticed Eustachio
  3867 | D:5      | Killed Eustachio
  3867 | D:5      | Reached skill level 5 in Shields
  3867 | D:5      | Reached XP level 8. HP: 52/52 MP: 8/8
  4049 | D:5      | Found a blossoming altar of Fedhas.
  4120 | D:5      | Found an opulent altar of Gozag.
  4121 | D:5      | Found a basalt altar of Yredelemnul.
  4181 | D:5      | Reached skill level 7 in Fighting
  4417 | D:5      | Reached **** piety under Trog
  4684 | D:6      | Noticed a +0 dagger
  4685 | D:6      | Noticed a +0 hand axe
  4689 | D:6      | Found a hide-covered altar of Uskayaw.
  4728 | D:6      | Reached skill level 5 in Armour
  4947 | D:6      | Found a sparkling altar of Nemelex Xobeh.
  4982 | D:6      | Reached skill level 8 in Fighting
  5184 | D:6      | Reached XP level 9. HP: 59/59 MP: 9/9
  5695 | D:7      | Noticed Menkaure
  5701 | D:7      | Killed Menkaure
  5781 | D:7      | Reached skill level 9 in Fighting
  6389 | D:7      | Found a staircase to the Ecumenical Temple.
  6686 | D:8      | Noticed Psyche
  6692 | D:8      | Reached skill level 5 in Maces & Flails
  6699 | D:8      | Killed Psyche
  6699 | D:8      | Reached XP level 10. HP: 39/68 MP: 10/10
  6706 | D:8      | Reached skill level 10 in Fighting
  6929 | D:8      | Found Weskitub's Magic Scroll Shop.
  6946 | D:8      | Bought a scroll of enchant weapon for 97 gold pieces
  7080 | D:8      | Found a glowing silver altar of Zin.
  7098 | D:8      | Noticed Maurice
  7115 | D:8      | Killed Maurice
  7581 | D:9      | Noticed a death yak
  7583 | D:9      | Found a staircase to the Lair.
  7595 | D:9      | Killed a death yak
  7595 | D:9      | Reached skill level 11 in Fighting
  7604 | D:9      | Noticed a death yak
  7604 | D:9      | Noticed a death yak
  7605 | D:9      | Noticed a death yak
  7611 | D:9      | Noticed a death yak
  7611 | D:9      | Noticed a death yak
  7617 | D:9      | Killed a death yak
  7617 | D:9      | Reached XP level 11. HP: 54/74 MP: 11/11
  7618 | D:9      | Killed a death yak
  7620 | D:9      | Killed a death yak
  7622 | D:9      | Killed a death yak
  7638 | D:9      | Killed a death yak
  7638 | D:9      | Reached skill level 10 in Maces & Flails
  7763 | D:9      | Received a gift from Trog
  7772 | D:9      | Found a staircase to the Orcish Mines.
  8011 | D:9      | Noticed Joseph
  8015 | D:9      | Reached ***** piety under Trog
  8030 | D:9      | Killed Joseph
  8430 | D:9      | Found an ornate altar of the Wu Jian Council.
  8505 | D:10     | Entered Level 10 of the Dungeon
  8560 | D:10     | Killed an unseen horror
  8605 | D:10     | Noticed Midas's ghost (novice DEGl)
  8616 | D:10     | Reached skill level 12 in Fighting
  8700 | D:10     | Noticed a manticore
  8711 | D:10     | Killed a manticore
  8848 | D:10     | Noticed a two-headed ogre
  8853 | D:10     | Killed a two-headed ogre
  9006 | D:10     | Found a runed translucent gate.
  9006 | D:10     | Found a runed translucent gate.
  9006 | D:10     | Found a runed translucent gate.
  9228 | D:10     | Noticed a two-headed ogre
  9236 | D:10     | Killed a two-headed ogre
  9572 | D:10     | Killed Midas's ghost
  9572 | D:10     | Reached XP level 12. HP: 82/82 MP: 12/12
  9975 | D:11     | Noticed a two-headed ogre
  9987 | D:11     | Killed a two-headed ogre
  9987 | D:11     | Reached skill level 13 in Fighting
 10053 | D:11     | Noticed Harold
 10065 | D:11     | Killed Harold
 10630 | D:12     | Noticed a two-headed ogre
 10635 | D:12     | Killed a two-headed ogre
 10936 | D:12     | Noticed Soedd's ghost (journeyman DgAr)
 10937 | D:12     | Found a transporter.
 11169 | D:12     | Found a transporter.
 11315 | D:12     | Reached XP level 13. HP: 36/89 MP: 5/13
 11405 | D:12     | Found Ipiuzuv's Weapon Emporium.
 11481 | D:12     | Got a crystal quarterstaff
 11482 | D:12     | Identified the cursed +0 quarterstaff of Dawn {crush,
                  | Dex+3} (You found it on level 12 of the Dungeon)
 11511 | D:13     | You fall into a shaft and drop 2 floors!
 11511 | D:15     | Entered Level 15 of the Dungeon
 11716 | D:15     | Reached skill level 14 in Fighting
 11861 | D:14     | Noticed a vault guard
 11922 | D:14     | Noticed a vault guard
 12544 | D:13     | Reached skill level 10 in Shields
 12864 | D:14     | Noticed a great orb of eyes
 12873 | D:14     | Paralysed by a great orb of eyes for 5 turns
 12881 | D:14     | Killed a great orb of eyes
 13780 | D:15     | Found a staircase to the Depths.
 13842 | D:15     | Found an ornate altar of the Wu Jian Council.
 13843 | D:15     | Found a shattered altar of Ashenzari.
 13843 | D:15     | Found an ancient bone altar of Kikubaaqudgha.
 13915 | D:15     | Gained mutation: Your large and strong wings let you fly
                  | indefinitely. [Gargoyle growth]
 13915 | D:15     | Reached XP level 14. HP: 95/96 MP: 14/14
 14103 | D:15     | Received a gift from Trog
 14139 | D:15     | Noticed a frost giant
 14163 | D:15     | Killed a frost giant
 14163 | D:15     | Reached skill level 15 in Fighting
 14190 | D:15     | Paralysed by an ogre mage for 4 turns
 15136 | D:14     | Upgraded the game from 0.24.0-13-gcf9b3192b9 to
                  | 0.24.0-28-g17ded55e90
 15263 | D:14     | Found a gate to the Vaults.
 15483 | D:15     | Reached skill level 10 in Armour
 16286 | D:15     | Got a bone short sword
 16301 | D:15     | Reached XP level 15. HP: 49/104 MP: 3/15
 16339 | D:15     | Identified the +3 long sword "Avoov" {flame, rPois MR+}
 16358 | D:15     | Noticed a golden dragon
 16603 | D:15     | Killed a ghost moth
 16865 | Orc:1    | Entered Level 1 of the Orcish Mines
 17178 | Orc:1    | Found Fozedok's General Store.
 17184 | Orc:1    | You are sucked into a shaft and drop 1 floor!
 17184 | Orc:2    | Entered Level 2 of the Orcish Mines
 17552 | Orc:2    | Found a roughly hewn altar of Beogh.
 18141 | Orc:2    | Found Wuevvios's Magic Scroll Shop.
 18141 | Orc:2    | Found Roho's Gadget Emporium.
 18158 | Orc:2    | Found Oguwnoet's Weapon Emporium.
 18158 | Orc:2    | Found Majaiq's Assorted Antiques.
 18169 | Orc:2    | Bought a scroll of identify for 32 gold pieces
 18169 | Orc:2    | Bought a scroll of identify for 32 gold pieces
 18169 | Orc:2    | Bought a scroll of identify for 32 gold pieces
 18169 | Orc:2    | Bought a scroll of enchant armour for 120 gold pieces
 18267 | Orc:2    | HP: 2/104 [orc high priest/cursed +0 glaive (7)]
 18515 | Orc:2    | Found a staircase to the Elven Halls.
 19123 | Lair:1   | Entered Level 1 of the Lair of Beasts
 19293 | Lair:1   | Reached skill level 15 in Maces & Flails
 20143 | Lair:2   | Found a hole to the Spider Nest.
 20455 | Lair:2   | Gained mutation: You have large cloven feet. [potion of
                  | mutation]
 20455 | Lair:2   | Gained mutation: You have a pair of small horns on your
                  | head. [potion of mutation]
 20456 | Lair:2   | Lost mutation: You have large cloven feet. [potion of
                  | mutation]
 20456 | Lair:2   | Lost mutation: You have a pair of small horns on your head.
                  | [potion of mutation]
 20456 | Lair:2   | Gained mutation: Your movements are slightly less
                  | encumbered by armour. (ER -2) [potion of mutation]
 20456 | Lair:2   | Gained mutation: Your natural rate of healing is unusually
                  | fast. [potion of mutation]
 20833 | Lair:3   | Received a gift from Trog
 21507 | Lair:4   | Reached XP level 16. HP: 106/110 MP: 5/16
 21556 | Lair:4   | Noticed Nergalle
 21560 | Lair:4   | Found a staircase to the Swamp.
 21572 | Lair:4   | Killed Nergalle
 22295 | Lair:5   | You are sucked into a shaft and drop 1 floor!
 22295 | Lair:6   | Entered Level 6 of the Lair of Beasts
 23866 | Lair:5   | Found a runed translucent gate.
 23867 | Lair:5   | Found a runed translucent gate.
 23868 | Lair:5   | Found a runed translucent gate.
 23967 | Lair:5   | Found a staircase to the Slime Pits.
 24220 | Lair:5   | Noticed Neredeb's ghost (journeyman OpAE)
 24337 | Lair:5   | Noticed Bolunijamo's ghost (journeyman GnFi)
 24357 | Lair:5   | Killed Neredeb's ghost
 24364 | Lair:5   | Killed Bolunijamo's ghost
 24916 | Spider:1 | Entered Level 1 of the Spider Nest
 25000 | Spider:1 | Received a gift from Trog
 25903 | Spider:2 | Got an ichor-stained flail
 25904 | Spider:2 | Identified the +4 flail "Reg Olli" {freeze, MR+ Dex+3} (You
                  | found it on level 2 of the Spider Nest)
 25907 | Spider:2 | Noticed Gohat's ghost (journeyman HOBe)
 25917 | Spider:2 | Found a transporter.
 25927 | Spider:2 | Noticed Arachne
 25950 | Spider:2 | Killed Arachne
 25988 | Spider:2 | Found a transporter.
 26303 | Spider:2 | Noticed Roxanne
 26658 | Spider:2 | Reached XP level 17. HP: 93/115 MP: 1/17
 26671 | Spider:2 | Killed Gohat's ghost
 26680 | Spider:2 | Got an ancient diamond amulet
 26689 | Spider:2 | Identified the amulet "Pecyguazoc" {Harm *Drain rF- rN+
                  | Int+3} (You found it on level 2 of the Spider Nest)
 27189 | Spider:2 | Killed Roxanne
 27343 | Spider:3 | Found a runed translucent gate.
 27343 | Spider:3 | Found a runed translucent gate.
 27343 | Spider:3 | Found a runed translucent gate.
 27415 | Spider:3 | Noticed Midas's ghost (adept HOCj)
 27415 | Spider:3 | Noticed Detar's ghost (adept HOFi)
 27431 | Spider:3 | Killed Detar's ghost
 27437 | Spider:3 | Killed Midas's ghost
 27481 | Spider:3 | Got a jewelled helmet
 27492 | Spider:3 | Identified the +1 helmet "Reluewyu" {rPois rF- rCorr SInv}
                  | (You found it on level 3 of the Spider Nest)
 27664 | Spider:3 | Identified a scroll of acquirement
 28053 | Spider:3 | Got a warped battleaxe
 28054 | Spider:3 | Identified the +10 battleaxe of the Onslaught {chop,
                  | +Blink} (You found it on level 3 of the Spider Nest)
 28142 | Spider:4 | Entered Level 4 of the Spider Nest
 28255 | Spider:4 | Reached skill level 16 in Fighting
 28519 | Spider:4 | Received a gift from Trog
 28754 | Spider:4 | Reached skill level 15 in Shields
 28834 | Spider:4 | Reached skill level 15 in Armour
 29133 | Spider:4 | Reached XP level 18. HP: 103/122 MP: 18/18
 29435 | Spider:4 | Reached ****** piety under Trog
 29447 | Spider:4 | Reached skill level 17 in Fighting
 29684 | Spider:4 | Received a gift from Trog
 29685 | Spider:4 | Found the +8 whip "Snakebite" {curare, rPois}
 29706 | Spider:4 | Got a gossamer rune of Zot
 30065 | Swamp:1  | Entered Level 1 of the Swamp
 30613 | Swamp:1  | Noticed Frances
 30630 | Swamp:1  | Killed Frances
 31027 | Swamp:1  | Noticed a tentacled monstrosity
 31051 | Swamp:1  | Killed a tentacled monstrosity
 31416 | Swamp:2  | Received a gift from Trog
 31492 | Swamp:2  | Reached skill level 18 in Fighting
 31687 | Swamp:2  | Found a runed translucent door.
 31710 | Swamp:2  | Noticed Ychix's ghost (journeyman GnSk)
 31799 | Swamp:2  | Killed Ychix's ghost
 31899 | Swamp:2  | Noticed Aizul
 31918 | Swamp:2  | Killed Aizul
 32054 | Swamp:2  | Noticed Jorgrun
 32089 | Swamp:2  | Killed Jorgrun
 32114 | Swamp:2  | Noticed Donald
 32139 | Swamp:2  | Killed Donald
 32486 | Swamp:3  | Reached XP level 19. HP: 129/131 MP: 19/19
 32529 | Swamp:3  | Found a frozen archway.
 32541 | IceCv    | Entered an ice cave
 33103 | IceCv    | Received a gift from Trog
 33650 | Swamp:3  | Identified the +0 large shield of Ocsawn {rN+ Int+3}
 33650 | Swamp:3  | Noticed Louise
 33666 | Swamp:3  | Killed Louise
 33718 | Swamp:3  | Reached skill level 1 in Stealth
 34184 | Swamp:4  | Entered Level 4 of the Swamp
 34282 | Swamp:3  | Reached skill level 19 in Fighting
 34699 | Swamp:4  | Got a decaying rune of Zot
 35584 | Vaults:1 | Entered Level 1 of the Vaults
 35686 | Vaults:1 | Received a gift from Trog
 36340 | Vaults:1 | Found Zerustott's Antique Armour Shoppe.
 36812 | Vaults:2 | Cast into level 3 of the Abyss (a wizard)
 36812 | Abyss:3  | Found a stormy altar of Qazlal.
 36852 | Abyss:3  | Reached XP level 20. HP: 140/140 MP: 20/20
 36954 | Vaults:2 | Escaped the Abyss
 37063 | Vaults:2 | Received a gift from Trog
 37116 | Vaults:2 | Reached skill level 20 in Fighting
 38011 | Vaults:2 | Noticed Margery
 38031 | Vaults:2 | Killed Margery
 38084 | Vaults:2 | Received a gift from Trog
 38639 | Vaults:3 | Noticed Frederick
 38663 | Vaults:3 | Killed Frederick
 38691 | Vaults:3 | Received a gift from Trog
 38766 | Vaults:3 | Reached XP level 21. HP: 147/147 MP: 21/21
 38809 | Vaults:3 | Found a staircase to the Crypt.
 39288 | Vaults:3 | Noticed Bai Suzhen
 39322 | Vaults:3 | Killed Bai Suzhen
 39322 | Vaults:3 | Reached skill level 21 in Fighting
 40550 | Vaults:4 | Reached XP level 22. HP: 32/155 MP: 22/22
 41648 | Depths:1 | Entered Level 1 of the Depths
 41844 | Depths:1 | Received a gift from Trog
 41869 | Depths:1 | Got an ancient great mace {god gift}
 41870 | Depths:1 | Identified the +10 great mace of the Weasel {venom, *Contam
                  | +Rage rPois Dex-3} (Trog gifted it to you on level 1 of the
                  | Depths)
 42403 | Depths:1 | You are sucked into a shaft and drop 1 floor!
 42474 | Depths:2 | Noticed a caustic shrike
 42527 | Depths:2 | HP: 5/156 [spark wasp (6)]
 42864 | Depths:1 | Found a runed translucent gate.
 42865 | Depths:1 | Found a runed translucent gate.
 42865 | Depths:1 | Noticed Akutzier's ghost (veteran BaIE)
 42866 | Depths:1 | Found a runed translucent gate.
 42867 | Depths:1 | Noticed Moeliofi's ghost (adept TrMo)
 42867 | Depths:1 | Noticed syranez's ghost (veteran GrFi)
 43193 | Depths:1 | Found a gateway to Hell.
 43194 | Depths:1 | Reached skill level 22 in Fighting
 43523 | Depths:1 | Killed Moeliofi's ghost
 43730 | Depths:1 | Slain by Akutzier's ghost

Levels and vault maps discovered:
D:1:      dpeg_arrival_fog, layout_basic
D:2:      layout_loops_ring, nicolae_ru_path_of_blood,
          chequers_ecumenical_altar_simple_redux, first_ration,
          nemelex_diamond_rough_becter, uniq_crazy_yiuf_cottage, uniq_jessica,
          uniq_natasha, uniq_robin
D:3:      layout_loops_cross
D:4:      layout_rooms, kennysheep_slug_shrine, lemuel_doored_altar,
          serial_glass, glass_columns_a, glass_columns_a, glass_columns_c,
          glass_columns_b, glass_columns_a, glass_columns_c,
          due_unseen_surprise, serial_shops, nicolae_shop_waterfront, shop,
          kennysheep_mini_moat, shop, shop_fountains,
          gammafunk_ghost_nasty_kobolds
D:5:      minmay_spotlight, layout_loops_ring,
          chequers_temple_overflow_statue_of_worship, fedhas_altar_1,
          uniq_eustachio
D:6:      layout_loops_ring, dancing_weapons_uskayaw,
          nemelex_xobeh_ov_fountains_minmay, small_statue_alley_b
D:7:      layout_loops_ring, minmay_temple_entry_antechambers, uniq_menkaure
D:8:      layout_rooms, lemuel_coloured_pillars_altar, serial_shops, shop,
          uniq_maurice, uniq_psyche
D:9:      layout_loops_ring, kennysheep_little_box, dpeg_lair_monsters,
          zombieorc1_lemuel, uniq_joseph
D:10:     layout_loops_corners, gammafunk_ghost_icy, grunt_ogre_cave
D:11:     layout_long_grid, uniq_harold
D:12:     layout_rooms, special_room [special_room_orc], gammafunk_ghost_hive,
          serial_shops, shop
D:13:     layout_stronghold, minmay_circle_x
D:14:     layout_gridville, grunt_vaults_entry_fortified
D:15:     hangedman_slaughterboxes, serial_shops
Lair:1:   layout_hall_layers, beast_lair_carwin_11
Lair:2:   layout_cave_pods, nicolae_spider_entry_non_spiders, grunt_megastairs_2
Lair:3:   layout_hall_layers, chequers_serial_rivers_large_b,
          grunt_forest_large_clearing_hut
Lair:4:   layout_roguey, palyth_hydra_swamp_entry, uniq_nergalle
Lair:5:   layout_layer_cave, minmay_slime_entry_oklob_open,
          gammafunk_ghost_cemetery, lemuel_fruit_fields
Lair:6:   grunt_lair_end_beastmaster, layout_layer_cave
Swamp:1:  cheibrodos_swamp_monstrosity, layout_falls_marsh, serial_swamp_ruin,
          evilmike_swamp_ruin_house_1, evilmike_swamp_ruin_house_3, uniq_frances
Swamp:2:  layout_falls_marsh, gammafunk_ghost_grave,
          evilmike_swamp_ruin_rubble_2, uniq_aizul, uniq_donald, uniq_jorgrun
Swamp:3:  layout_basic_swamp, portal_ice_cave_entry_pillars_2,
          evilmike_swamp_ruin_wall, swamp_pool5, st_swamp_ruins_2, uniq_louise
Swamp:4:  swamp_alternative, layout_basic_swamp, infiniplex_staircase_pool_2
Spider:1: layout_spider_delve, nicolae_spider_circle_web, nicolae_spider_nook
Spider:2: layout_chambers, gammafunk_ghost_berserking_beasts, uniq_roxanne,
          uniq_arachne
Spider:3: nicolae_spider_mines_1, gammafunk_ghost_cemetery
Spider:4: floodkiller_spider_rune_tomb
Orc:1:    layout_caves, serial_shops, nicolae_shop_behind_doors, mines4_lemuel
Orc:2:    grunt_orc_tribal_feast, layout_caves, basic_altar
Vaults:1: v_misc_2, v_misc_1, vaults_standard_mumra_enter_the_diamond,
          ontoclasm_vaults_pinch, ontoclasm_vaults_spin, layout_vaults_big_room,
          serial_shops, shop
Vaults:2: vaults_room_large_hall, v_alt_pattern_5, v_misc_5, v_misc_25,
          grunt_vaults_funnel, vaults_room_corners,
          hangedman_vaults_stretched_pinwheel, v_misc_5,
          nicolae_vaults_puzzle_piece, nicolae_vaults_rhombus_6,
          layout_vaults_omnicross, uniq_margery
Vaults:3: nicolae_vaults_ring_of_whatevers, nicolae_vaults_little_squares_1,
          nicolae_vaults_network_barrier, vaults_room_corners,
          nicolae_vaults_back_hallway, ontoclasm_vaults_ring_small,
          minmay_crypt_entry_simple_box, hangedman_vaults_restitches,
          st_more_cells, v_misc_9, ontoclasm_vaults_tryst, vaults_dpeg_doors,
          ontoclasm_vaults_ring_small, grunt_vaults_focal,
          nicolae_vaults_three_branches, layout_vaults_maze_bifur,
          uniq_bai_suzhen, uniq_frederick
Vaults:4: vaults_mumra_minichess_inversion, v_misc_17,
          vaults_standard_mumra_lines, v_misc_16, hangedman_vaults_slice,
          nicolae_vaults_little_squares_6, vaults_room_hallway,
          layout_vaults_omnigrid
Depths:1: layout_big_octagon, hellmouth_1, gammafunk_ghost_cemetery,
          grunt_ministairs_11, minmay_misc_feat_ornament, serial_bayou_crossing,
          grunt_megastairs_4
Depths:2: minmay_the_grid_square_5x5_3x3 [minmay_the_grid_square_5x5_two,
          minmay_the_grid_square_5x5_hollow_slash,
          minmay_the_grid_square_5x5_checkered,
          minmay_the_grid_square_5x5_longway,
          minmay_the_grid_square_5x5_megaprize_open,
          minmay_the_grid_square_5x5_empty,
          minmay_the_grid_square_5x5_fancy_junction,
          minmay_the_grid_square_5x5_plus, minmay_the_grid_square_5x5_shrine1],
          layout_cave_pools, grunt_hell_entry_dis_mu, serial_bayou_shore_b

Skill      XL: |  1  2  3  4  5  6  7  8  9 10 11 12 13 14 15 16 17 18 19 20 21 22 |
---------------+-------------------------------------------------------------------+-----
Fighting       | 4 5 6 8 9 11 12 13 14 15 16 18 19 20 21 22 | 22.0
Shields        | 1 2 3 5 6 8 11 13 14 15 16 | 16.3
Armour         | 3 4 5 6 8 10 12 13 15 16 17 18 19 20 | 20.2
Maces & Flails | 4 5 9 11 14 15 17 18 | 18.7
Stealth        | 3 |  3.2
Dodging        | 4 |  4.4

Action                   |  1- 3 |  4- 6 |  7- 9 | 10-12 | 13-15 | 16-18 | 19-21 | 22-24 || total
-------------------------+-------+-------+-------+-------+-------+-------+-------+-------++-------
Melee: Mace              |   109 |    50 |       |       |       |       |       |       ||   159
       Falchion          |       |   131 |   102 |       |       |       |       |       ||   233
       Whip              |       |       |   138 |       |       |   628 |  1724 |   422 ||  2912
       Great sword       |       |       |   126 |       |       |       |       |       ||   126
       Dire flail        |       |       |    11 |   578 |   348 |       |       |       ||   937
       Great mace        |       |       |       |       |   823 |   794 |       |       ||  1617
       Demon whip        |       |       |       |       |       |   613 |       |       ||   613
Throw: Dart              |       |       |       |       |     1 |       |       |       ||     1
Invok: Berserk           |     2 |     5 |     6 |     6 |    12 |     7 |     2 |     2 ||    42
       Brothers in Arms  |       |       |     1 |     4 |    15 |     7 |     5 |     5 ||    37
       Trog's Hand       |       |       |       |     3 |    15 |     6 |     5 |     3 ||    32
 Abil: Fly               |       |       |       |       |     1 |       |       |       ||     1
  Use: Potion            |     1 |       |       |       |     6 |     3 |    10 |     7 ||    27
       Scroll            |       |       |     8 |     3 |    20 |    14 |    18 |    10 ||    73
 Stab: Distracted        |       |       |       |       |     2 |     1 |       |     1 ||     4
       Held in net/web   |       |       |       |       |       |     2 |       |       ||     2
       Confused          |       |       |       |       |       |     1 |     1 |       ||     2
  Eat: Chunk             |     1 |    11 |    16 |    16 |    46 |    28 |    22 |     5 ||   145
       Ration            |       |       |     1 |     3 |     3 |     6 |     3 |     3 ||    19
Armor: Animal skin       |    36 |    35 |       |       |       |       |       |       ||    71
       Scale mail        |       |    51 |   177 |       |       |       |       |       ||   228
       Chain mail        |       |       |   142 |   492 |   485 |       |       |       ||  1119
       Plate armour      |       |       |       |       |   766 |  1960 |   859 |   186 ||  3771
Dodge: Dodged            |    78 |   123 |   192 |   209 |   502 |   782 |   372 |    93 ||  2351
Block: Large shield      |       |       |       |       |       |  1187 |       |       ||  1187
       Shield            |       |       |       |       |       |    17 |   847 |   222 ||  1086
       Reflection        |       |       |       |       |       |       |    79 |    22 ||   101
       Rpst.: Falchion   |       |    32 |    12 |       |       |       |       |       ||    44
       Great sword       |       |       |    23 |       |       |       |       |       ||    23
